 Dungeon Crawl Stone Soup version 0.17-a0-2108-g65e8068 (webtiles) character file.

282 Kromin the Cleaver (level 6, -4/76 HPs)
             Began as a Minotaur Berserker on Oct 19, 2015.
             Was a Priest of Trog.
             Slain by a giant frog (7 damage)
             ... in a sewer.
             The game lasted 00:07:04 (2947 turns).

Kromin the Cleaver (Minotaur Berserker)             Turns: 2947, Time: 00:07:04

Health: -4/76      AC:  2    Str: 27    XL:     6   Next: 6%
Magic:  5/5        EV: 12    Int:  4    God:    Trog [***...]
Gold:   138        SH:  0    Dex: 11    Spells: 0 memorised, 5 levels left

rFire  . . .     SeeInvis .     u - +0 war axe
rCold  . . .     Clarity  .     b - +0 animal skin
rNeg   . . .     SustAt   .     (no shield)
rPois  .         Gourm    .     (helmet restricted)
rElec  .         Spirit   .     (no cloak)
rCorr  .         Warding  .     (no gloves)
rMut   .         Stasis   .     (no boots)
MR     .....                    (no amulet)
Stlth  ..........               (no ring)
                                (no ring)

@: berserking, lethally poisoned (-4 -> -19), very quick, not resistant to
hostile enchantments, extremely unstealthy
A: retaliatory headbutt, horns 2
a: Berserk, Trog's Hand, Burn Spellbooks, Renounce Religion


You were in a sewer.
You worshipped Trog.
Trog was most pleased with you.
You were not hungry.

You visited 1 branch of the dungeon, and saw 3 of its levels.
You also visited: Sewer.

You collected 138 gold pieces.

Inventory:

Hand Weapons
 a - a +0 hand axe
 u - a +0 war axe (weapon)
Armour
 b - a +0 animal skin (worn)
Wands
 o - a wand of magic darts (19)
Scrolls
 d - 2 scrolls of magic mapping {unknown}
 g - 3 scrolls of identify {unknown}
 h - a scroll of fog {unknown}
 j - a scroll of enchant armour {unknown}
 l - a scroll of random uselessness {unknown}
 n - a scroll of immolation {unknown}
 p - a scroll of remove curse {unknown}
 s - a scroll of recharging {unknown}
 t - 2 scrolls of teleportation {unknown}
Potions
 e - 4 potions of curing
 k - 3 potions of haste {unknown}
 r - 2 potions of heal wounds {unknown}
 v - 2 potions of might {unknown}
Comestibles
 c - a bread ration
 f - 3 slices of pizza
 i - 2 meat rations
 m - a beef jerky
 q - 3 fruits


   Skills:
 - Level 3.6 Fighting
 + Level 8.2 Axes
 - Level 2.4 Armour
 - Level 2.1 Dodging


You had 5 spell levels left.
You didn't know any spells.

Dungeon Overview and Level Annotations

Branches:
Dungeon (3/15)

Altars:
Dithmenos
Elyvilon
Okawaru
Vehumet
Zin


Innate Abilities, Weirdness & Mutations

You reflexively headbutt those who attack you in melee.
You have a pair of horns on your head.


Message History

* * * LOW HITPOINT WARNING * * *
The adder bites you.
* * * LOW HITPOINT WARNING * * *
You are more poisoned.
The adder poisons you! The adder bites you.
* * * LOW HITPOINT WARNING * * *
Use which ability?
A red film seems to cover your vision as you go berserk!
You feel yourself moving faster!
You feel mighty!
You feel somewhat more hungry.
* * * LOW HITPOINT WARNING * * *
You feel sick. The giant frog hits you!
* * * LOW HITPOINT WARNING * * *
The giant frog misses you. The adder barely misses you.
The adder closely misses you. The giant frog barely misses you.
You are too berserk!
Your unstable footing causes you to fumble your attack.
* * * LOW HITPOINT WARNING * * *
You feel sick. The giant frog hits you!
You die...

### ..# ..# ###
#####################+#
..≈≈≈≈≈≈≈≈≈≈≈≈≈≈≈≈....##
.≈≈≈≈≈≈≈≈≈≈≈≈≈≈≈≈≈≈....#
.≈≈≈≈≈≈≈≈≈≈≈≈≈†≈FS≈....#
..≈≈≈≈≈≈≈≈≈≈≈≈†≈@S.....#
..≈≈≈≈≈≈≈≈≈≈≈≈†≈≈F.....#
..≈≈≈≈≈≈≈≈≈≈≈≈≈≈≈≈≈...##
#######################


You could see 2 giant frogs and 2 adders.

Vanquished Creatures
  A crimson imp (D:3)
  Jessica (D:3)
  6 river rats
  6 adders
  An ooze (D:2)
  4 worms
  A giant gecko (D:1)
  7 orcs (D:3)
  13 ball pythons (Sewer)
  4 bats
  9 goblins
  5 hobgoblins
  6 jackals (D:3)
  4 kobolds
  2 quokkas
  5 giant cockroaches
  5 giant newts
  26 rats
106 creatures vanquished.

Notes
Turn   | Place    | Note
--------------------------------------------------------------
     0 | D:1      | Kromin the Minotaur Berserker began the quest for the Orb.
     0 | D:1      | Reached XP level 1. HP: 19/19 MP: 0/0
   107 | D:1      | Reached skill level 4 in Axes
   187 | D:1      | Reached XP level 2. HP: 12/26 MP: 1/1
   945 | D:2      | Reached skill level 5 in Axes
   957 | D:2      | Reached XP level 3. HP: 17/31 MP: 2/2
   974 | D:2      | Found a shadowy altar of Dithmenos.
  1372 | D:2      | Reached ** piety under Trog
  1653 | D:3      | Found a radiant altar of Vehumet.
  1653 | D:3      | Found a glowing silver altar of Zin.
  1653 | D:3      | Found a white marble altar of Elyvilon.
  1664 | D:3      | Reached skill level 6 in Axes
  1664 | D:3      | Reached XP level 4. HP: 30/39 MP: 3/3
  1682 | D:3      | Noticed Jessica
  1691 | D:3      | Killed Jessica
  2046 | D:3      | Found an iron altar of Okawaru.
  2055 | D:3      | Reached XP level 5. HP: 40/45 MP: 4/4
  2060 | D:3      | Reached skill level 7 in Axes
  2097 | D:3      | Found a glowing drain.
  2114 | Sewer    | Entered a sewer
  2284 | Sewer    | Reached *** piety under Trog
  2686 | Sewer    | Reached skill level 8 in Axes
  2940 | Sewer    | Reached XP level 6. HP: 40/51 MP: 5/5
  2946 | Sewer    | HP: 3/76 [giant frog (7)]
  2947 | Sewer    | Slain by a giant frog

Vault maps used:
D:1:      dpeg_arrival_solitude
D:2:      nicolae_dithmenos_shadow_blocks
D:3:      okawaru_gym_becter, nicolae_qazlal_style_of_elements,
          grunt_temple_overflow_open, portal_sewer_entry_b, uniq_robin,
          uniq_jessica, uniq_terence
Sewer:    sewer_minmay_w

Action                   |  1- 3 |  4- 6 || total
-------------------------+-------+-------++-------
Melee: Hand axe          |    80 |   106 ||   186
       War axe           |       |    24 ||    24
Invok: Berserk           |       |     2 ||     2
  Eat: Chunk             |     2 |     6 ||     8
